Map: Ulrena

Players

Jhyrachy - Winner!

  • Race: Zerg Zerg
  • League: Gold

Jon

  • Race: Zerg Zerg
  • League: Gold

VOD

Have the link to the VOD?

Description

Time

  • Played on: May 17, 2016, 4:44 p.m.
  • Length: 3:54
Show
View Real Time Build Order
Export as new Build Order

Jhyrachy Zerg - Winner!

Build Orders: Pool Only 

Get SALT Encoding   

  12  0:02  Drone  
  13  0:08  Drone  
  14  0:18  Extractor  
  14  0:19  Extractor  
  12  0:22  Drone x2  
  15  0:40  Spawning Pool  
  14  0:46  Overlord  
  14  1:02  Extractor  
  14  1:03  Drone  
  15  1:06  Drone x2  
  17  1:17  Overlord  
  17  1:27  Metabolic Boost  
  17  1:32  Queen  
  19  1:43  Zergling x4  
  21  1:55  Zergling x2  
  22  2:06  Zergling x2  
  23  2:20  Zergling x2  
  24  2:26  Zergling x2  
  25  2:38  Zergling x2  
  25  2:43  Zergling x8  
Show
View Real Time Build Order
Export as new Build Order

Jon Zerg 

Build Orders: Pool First 

Get SALT Encoding   

  12  0:02  Drone  
  13  0:12  Drone  
  14  0:35  Overlord  
  14  0:39  Spawning Pool  
  13  0:50  Extractor, Drone x2  
  13  0:54  Drone  
  15  1:02  Drone  
  16  1:17  Drone  
  17  1:26  Queen  
  17  1:27  Overlord  
  19  1:37  Zergling x2  
  20  1:45  Zergling x2  
  21  1:56  Zergling x2  
  21  1:59  Hatchery  
  21  2:07  Zergling x2  
  22  2:13  Metabolic Boost  
  23  2:22  Zergling x2  
  23  2:36  Baneling Nest  
  22  2:37  Overlord x2  
  19  2:59  Spine Crawler  
  19  3:01  Zergling x6  
  20  3:16  Spine Crawler  
  20  3:17  Zergling x2  
  20  3:18  Zergling x2  
  20  3:24  Zergling x2  
  12  3:34  Zergling x2  
Tags
 
Add a new tag
Caveats
  • Supply blocks, unpowered buildings, or Contaminate may cause inaccurate times.
  • Supply counts are checked every 10 seconds.